 Dungeon Crawl Stone Soup version 0.29.1-4-g47bece8355 (webtiles) character file.

Game seed: 1822250794523249954

4 ChadusMaximus the Caller (level 1, -2/13 HPs)
             Began as a Human Summoner on Dec 9, 2022.
             Slain by a hobgoblin (3 damage)
             ... on level 1 of the Dungeon.
             The game lasted 00:00:20 (266 turns).

ChadusMaximus the Caller (Human Summoner)            Turns: 266, Time: 00:00:21

Health: -2/13      AC:  2    Str:  8    XL:     1   Next: 77%
Magic:  1/3        EV: 12    Int: 15    God:
Gold:   6          SH:  0    Dex: 13    Spells: 3/4 levels left

rFire   . . .      SeeInvis .   d - +0 club
rCold   . . .      Faith    .   (no shield)
rNeg    . . .      Spirit   .   a - +0 robe
rPois   .          Reflect  .   (no helmet)
rElec   .          Harm     .   (no cloak)
rCorr   .          Rampage  .   (no gloves)
Will    .....                   (no boots)
Stlth   ++........              (no amulet)
HPRegen 0.04/turn               (no ring)
MPRegen 0.08/turn               (no ring)

@: no status effects
A: no striking features
a: no special abilities


You were on level 1 of the Dungeon.
You visited 1 branch of the dungeon, and saw 1 of its levels.

You collected 6 gold pieces.

Inventory:

Hand Weapons
 d - a +0 club (weapon)
Armour
 a - a +0 robe (worn)
Scrolls
 e - a scroll of teleportation {unknown}
 f - a scroll of enchant weapon {unknown}
 g - a scroll of fear {unknown}
Potions
 b - a potion of magic
 c - a potion of berserk rage {unknown}
 h - a potion of flight {unknown}
 i - a potion of heal wounds {unknown}


   Skills:
 - Level 2.0 Dodging
 - Level 2.0 Stealth
 + Level 2.1 Spellcasting
 * Level 4.1 Summonings


You had 3 spell levels left.
You knew the following spells:

 Your Spells              Type           Power      Damage    Failure   Level
a - Summon Small Mammal   Summ           56%        N/A       4%          1

Your spell library contained the following spells:

 Spells                   Type           Power      Damage    Failure   Level
 Call Imp                 Summ           14%        N/A       6%          2
 Call Canine Familiar     Summ           14%        N/A       12%         3
 Summon Guardian Golem    Hex/Summ       7%         N/A       28%         3
 Summon Lightning Spire   Summ/Air       7%         N/A       67%         4


Dungeon Overview and Level Annotations

Branches:
Dungeon (1/15)

Altars:


Message History

The quokka is moderately wounded.
The quokka barely misses you. The quokka misses you.
Unknown command.
You closely miss the quokka.
The quokka is moderately wounded.
The quokka misses you.
Your magical contamination has completely faded away.
You hit the quokka.
You kill the quokka!
Unknown command.
You hit the goblin but do no damage. The goblin closely misses you.
The hobgoblin misses your quokka.
Unknown command.
You hit the goblin.
The goblin is severely wounded.
The goblin hits you with a +0 club.
Your quokka misses the hobgoblin. The goblin hits you with a +0 club.
You are too injured to fight recklessly!
Unknown command.
You are too injured to fight recklessly!
Unknown command.
You are too injured to fight recklessly!
Casting: Summon Small Mammal (safe; 4% risk of failure)
Confirm with . or Enter, or press ? or * to list all spells.
The hobgoblin closely misses you.
Your quokka bites the hobgoblin.
The goblin hits you but does no damage.
You barely miss the goblin.
The goblin is severely wounded.
Your bat hits the bush but does no damage. x2
Your quokka bites the hobgoblin but does no damage.
The hobgoblin misses you.
Your bat hits the bush but does no damage.
The goblin hits you with a +0 club.
* * * LOW HITPOINT WARNING * * *
Your quokka bites the hobgoblin.
You hit the goblin but do no damage.
The goblin is severely wounded.
Your bat hits the bush but does no damage. x3
The hobgoblin hits you.
You die...

♣ P♣## ######## ...#
##......# [♣.# #..gPb:♣
♣#.# #.♣♣@♣ #..#
##.rg♣.♣ ..## ##.....P♣
#.##########..###...♣
#............### #..♣
###....##......## ....
###.................P..
#...#.#..##########.P..
..#.#.##........ ...


You could see a hobgoblin (ally target), a goblin (ally target), a friendly
quokka (summoned) and a friendly bat (summoned).

Vanquished Creatures
  A giant cockroach (D:1)
  A quokka (D:1)
  A goblin (D:1)
3 creatures vanquished.

Vanquished Creatures (collateral kills)
  A kobold (D:1)
1 creature vanquished.

Vanquished Creatures (others)
  7 plants (D:1)
7 creatures vanquished.

Grand Total: 11 creatures vanquished

Notes
Turn   | Place    | Note
-------+----------+-------------------------------------------
     0 | D:1      | ChadusMaximus the Human Summoner began the quest for the
                  | Orb.
     0 | D:1      | Reached XP level 1. HP: 13/13 MP: 3/3
   266 | D:1      | Slain by a hobgoblin

Illustrated notes

Levels and vault maps discovered:
D:1:      dpeg_arrival_castle, layout_rooms, serial_forest,
          infiniplex_forest_straight_5, infiniplex_forest_lined_corner,
          infiniplex_forest_end_2, infiniplex_forest_clump_curved,
          infiniplex_forest_end_2, infiniplex_forest_straight_4,
          infiniplex_forest_straight_2, infiniplex_forest_corner_1,
          serial_shops, shop, minmay_tromino_v7

Action                   || total
-------------------------++-------
Melee: Club              ||    11
       Unarmed           ||     3
 Cast: Summon Small Mamm ||     6
Armor: Robe              ||     4
Dodge: Dodged            ||    10
